 Dungeon Crawl Stone Soup version 0.25-a0-1132-g9d38388ac0 (webtiles) character file.

Game seed: 12893294969339798196, levelgen mode: deterministic

1600 Hopman the Blocker (level 8, -2/71 HPs)
             Began as a Minotaur Fighter on May 20, 2020.
             Was a Follower of Elyvilon.
             Killed from afar by Maggie (21 damage)
             ... with a bolt of fire
             ... on level 7 of the Dungeon.
             The game lasted 00:26:05 (5645 turns).

Hopman the Blocker (Minotaur Fighter)               Turns: 5645, Time: 00:26:05

Health: -2/71      AC:  9    Str: 23    XL:     8   Next: 62%
Magic:  7/7        EV:  9    Int:  5    God:    Elyvilon [*.....]
Gold:   242        SH: 11    Dex: 10    Spells: 7/7 levels left

rFire    . . .     SeeInvis .   a - +0 long sword
rCold    + . .     Gourm    .   c - +0 kite shield
rNeg     . . .     Faith    +   n - +0 ring mail {MR+}
rPois    .         Spirit   .   (helmet restricted)
rElec    .         Reflect  .   p - +0 cloak
rCorr    .         Harm     .   v - +0 pair of gloves
MR       +....                  (no boots)
Stlth    ..........             o - amulet of faith
HPRegen  0.21/turn              i - ring of flight
MPRegen  0.10/turn              m - ring of protection from cold

@: mesmerised
A: retaliatory headbutt, horns 2
a: Lesser Healing, Divine Protection, Renounce Religion, Evoke Flight


You were on level 7 of the Dungeon.
You worshipped Elyvilon.
Elyvilon was aware of your devotion.
You were hungry.

You visited 2 branches of the dungeon, and saw 8 of its levels.

You collected 242 gold pieces.

Inventory:

Hand Weapons
 a - a +0 long sword (weapon)
 b - a +0 spear
 d - a +1 mace of holy wrath
Armour
 c - a +0 kite shield (worn)
 n - a +0 ring mail of magic resistance (worn)
 p - a +0 cloak (worn)
 v - a +0 pair of gloves (worn)
Jewellery
 i - a ring of flight (left hand)
 k - an uncursed amulet of magic regeneration
 m - a ring of protection from cold (right hand)
 o - an amulet of faith (around neck)
Wands
 j - a wand of flame (23)
 s - a wand of enslavement (19)
 y - a wand of digging (4)
Scrolls
 e - 5 scrolls of identify
 r - 2 scrolls of amnesia
Potions
 g - a potion of mutation {unknown}
 h - a potion of magic {unknown}
 l - 4 potions of haste {unknown}
 t - a potion of invisibility {unknown}
 u - a potion of cancellation {unknown}
 x - a potion of flight {unknown}
Comestibles
 f - 9 rations
 w - 4 chunks of flesh


   Skills:
 + Level 6.6 Fighting
 * Level 7.7 Long Blades
 + Level 0.0 Maces & Flails
 + Level 6.6 Armour
 * Level 8.2 Shields


You had 7 spell levels left.
You didn't know any spells.
Your spell library was empty.

Dungeon Overview and Level Annotations

Branches:
Dungeon (7/15)             Temple (1/1) D:6

Altars:
Cheibriados
Elyvilon
Makhleb
Nemelex Xobeh
Qazlal
Uskayaw

Annotations:
D:3 1 runed translucent door, Crazy Yiuf
D:5 1 runed translucent door, tmwh's ghost, novice GrFi
D:7 Maggie


Innate Abilities, Weirdness & Mutations

You reflexively headbutt those who attack you in melee.
You have a pair of horns on your head.


Message History

Maggie is heavily wounded.
The phantom barely misses you. You furiously retaliate!
You headbutt the phantom.
You riposte.
You closely miss the phantom.
The phantom is severely damaged.
Maggie points at you and mumbles some strange words.
The bolt of fire hits you!!
You feel better.
The phantom hits you but does no damage.
Maggie hits you with a +1 vorpal long sword.
You slash Maggie! You headbutt Maggie.
Maggie is severely wounded.
You block the phantom's attack.
Maggie hits you with a +1 vorpal long sword!
* * * LOW HITPOINT WARNING * * *
x2 You hit Maggie.
Maggie is almost dead.
The phantom blinks!
Maggie casts a spell at you. The bolt of fire hits you!!
You die...

############. ###
#$...........
#.....#).........
#.#####.##.#####. ## #.#
#.##.# #. .. #.# #.##.#
#. #. #.#####.##.#####.
####..##W....#....##....
......@@........####.>..
####..ยง.................
##.##.....#.#####.... #.
#.....#.# #.#.. #
#######.# #.##. ##.##
#.### .#######...####....
.........#...####..
########...#.......


You could see Maggie (mesmerising) and a phantom.

Vanquished Creatures
  Menkaure (D:6)
  Duvessa (D:4)
  An orc warrior (D:5)
  A phantom (D:5)
  2 ogres
  2 bullfrogs
  Dowan (D:4)
  4 scorpions
  A howler monkey (D:6)
  A crimson imp (D:6)
  4 hounds
  4 orc priests (D:6)
  Jessica (D:3)
  6 worker ants
  Ijyb (D:3)
  A worker ant zombie (D:3)
  A gnoll (D:4)
  3 adders
  2 worms
  7 leopard geckos
  10 orcs
  A ball python (D:6)
  5 giant cockroaches
  11 goblins
  4 hobgoblins
  7 jackals
  3 quokkas
  8 bats
  4 frilled lizards
  5 kobolds
  2 rats (D:2)
105 creatures vanquished.

Notes
Turn   | Place    | Note
-------+----------+-------------------------------------------
     0 | D:1      | Hopman the Minotaur Fighter began the quest for the Orb.
     0 | D:1      | Reached XP level 1. HP: 19/19 MP: 0/0
   102 | D:1      | Reached XP level 2. HP: 26/27 MP: 1/1
   495 | D:1      | Reached skill level 4 in Shields
   723 | D:2      | Reached XP level 3. HP: 33/33 MP: 2/2
   965 | D:3      | Noticed Ijyb
   993 | D:3      | Noticed Jessica
   995 | D:3      | Killed Ijyb
  1081 | D:3      | Killed Jessica
  1081 | D:3      | Reached XP level 4. HP: 18/41 MP: 3/3
  1284 | D:3      | Found a sparkling altar of Nemelex Xobeh.
  1731 | D:3      | Found a runed translucent door.
  1732 | D:3      | Noticed Crazy Yiuf
  1967 | D:3      | Reached XP level 5. HP: 47/47 MP: 4/4
  2249 | D:4      | Noticed Duvessa
  2250 | D:4      | Noticed Dowan
  2347 | D:4      | Reached skill level 5 in Shields
  2679 | D:4      | Reached skill level 5 in Fighting
  2679 | D:4      | Reached skill level 5 in Armour
  2679 | D:4      | Reached XP level 6. HP: 54/56 MP: 5/5
  2822 | D:4      | Killed Duvessa
  2822 | D:4      | Reached skill level 5 in Long Blades
  2829 | D:4      | Killed Dowan
  2829 | D:4      | Reached skill level 6 in Shields
  3168 | D:4      | Reached XP level 7. HP: 61/61 MP: 6/6
  3436 | D:5      | Entered Level 5 of the Dungeon
  3819 | D:5      | Found a runed translucent door.
  3820 | D:5      | Noticed tmwh's ghost (novice GrFi)
  4141 | D:6      | Reached skill level 7 in Shields
  4161 | D:6      | Reached XP level 8. HP: 55/70 MP: 7/7
  4293 | D:6      | Noticed Menkaure
  4318 | D:5      | HP: 1/70 [orc warrior/+0 hand axe (5)]
  4673 | D:6      | Found a staircase to the Ecumenical Temple.
  4723 | Temple   | Entered the Ecumenical Temple
  4974 | Temple   | Became a worshipper of Elyvilon the Healer
  4994 | D:6      | Killed Menkaure
  4994 | D:6      | Reached skill level 8 in Shields
  5555 | D:7      | Reached * piety under Elyvilon
  5624 | D:7      | Noticed Maggie
  5645 | D:7      | Killed from afar by Maggie

Illustrated notes

Levels and vault maps discovered:
D:1:      onia_arrival_mini_maze, layout_rooms, minmay_stone_trees_small
D:2:      kennysheep_big_flooded_room, layout_basic
D:3:      layout_basic, nemelex_xobeh_ov_fountains_minmay, uniq_jessica,
          uniq_ijyb, uniq_crazy_yiuf_cottage
D:4:      minmay_wonky_spiral, layout_loops_ring, uniq_duvessa
D:5:      layout_rooms, first_ration, gammafunk_ghost_grave
D:6:      layout_rooms, minmay_temple_entry_hall, nicolae_ossuary_entry_ruins,
          uniq_menkaure
D:7:      layout_loops_ring, uniq_maggie
Temple:   nicolae_temple_the_god_donut

Skill      XL: |  1  2  3  4  5  6  7  8 |
---------------+-------------------------+-----
Shields        | 4 5 6 7 8 |  8.2
Fighting       | 4 5 6 |  6.6
Armour         | 4 5 6 |  6.6
Long Blades    | 3 4 5 6 7 |  7.7

Action                   |  1- 3 |  4- 6 |  7- 9 || total
-------------------------+-------+-------+-------++-------
Melee: Long sword        |    97 |    87 |   146 ||   330
       Headbutt          |    15 |    12 |    35 ||    62
  Use: Scroll            |     1 |     2 |     4 ||     7
       Potion            |       |     1 |     7 ||     8
  Eat: Chunk             |       |     4 |     4 ||     8
       Ration            |       |     1 |     1 ||     2
Armor: Scale mail        |    33 |       |       ||    33
       Ring mail         |    15 |    22 |    28 ||    65
Dodge: Dodged            |    32 |    38 |    34 ||   104
Block: Kite shield       |    57 |    42 |    80 ||   179
       Rpst.: Long sword |     4 |    15 |    10 ||    29

Table legend:
 A = Non-vault XP
 B = Vault XP
 C = Vault XP percentage of total XP
 D = Non-vault monster count
 E = Vault monster count
 F = Vault count percentage of total count
                 A         B        C        D         E       F
            +---------+---------+-------+---------+---------+-------
      Total |    1773 |     513 |  22.4 |      96 |       9 |   8.6
            +---------+---------+-------+---------+---------+-------
        D:1 |      25 |       0 |   0.0 |      15 |       0 |   0.0
        D:2 |      21 |       0 |   0.0 |      11 |       0 |   0.0
        D:3 |      96 |      70 |  42.2 |      20 |       2 |   9.1
        D:4 |     391 |     271 |  40.9 |      15 |       6 |  28.6
        D:5 |     482 |       0 |   0.0 |       8 |       0 |   0.0
        D:6 |     654 |     172 |  20.8 |      22 |       1 |   4.3
        D:7 |     104 |       0 |   0.0 |       5 |       0 |   0.0
            +---------+---------+-------+---------+---------+-------
